IL
SALT LAKE BEES @ SCRANTON WB RAILRIDERS
07/16/2045
 
TOP OF THE 1ST
Salt Lake Bees batting - Pitching for Scranton WB RailRiders : LHP Arturo Eli
Pitching: LHP Arturo Eli
Batting: LHB Javier Trujillo 0-0: Reached on error, E5 (Groundball, 56S, EV 90.0 MPH)
Batting: RHB Randy Grewe 0-0: Ball
Javier Trujillo steals 2nd base
1-0: Ball
2-0: Swinging Strike
2-1: Foul Ball, location: 2F
2-2: Foul Ball, location: 2F
2-2: Strikes out swinging
Batting: RHB Andres Mendiola 0-0: Called Strike
0-1: Ground out 6-3 (Groundball, 6M, EV 86.2 MPH)
Javier Trujillo to third
Batting: RHB Melvin Gomez 0-0: Foul Ball, location: 2F
0-1: Called Strike
0-2: Ball
1-2: Ball
2-2: Strikes out swinging
Top of the 1st over - 0 runs, 0 hits, 1 error, 1 left on base; Salt Lake 0 - Scranton WB 0
BOTTOM OF THE 1ST
Scranton WB RailRiders batting - Pitching for Salt Lake Bees : LHP Nigel Turner
Pitching: LHP Nigel Turner
Batting: RHB Russ Shambaugh 0-0: Called Strike
0-1: Called Strike
0-2: Ball
1-2: Foul Ball, location: 2F
1-2: Ball
2-2: Ball
3-2: Base on Balls
Batting: RHB Scott King 0-0: Ball
1-0: Ball
2-0: Ball
3-0: Called Strike
3-1: Base on Balls
Russ Shambaugh to second
Batting: LHB Jim Skare 0-0: Foul Ball, location: 2F
0-1: Called Strike
0-2: Strikes out swinging
Batting: RHB James Boynton 0-0: Ball
1-0: Ball
2-0: Ball
3-0: Called Strike
3-1: Base on Balls
Russ Shambaugh to third
Scott King to second
Batting: RHB Alejandro Hernandez 0-0: Foul Ball, location: 2F
0-1: Fly out, F5 (Popup, 5SF, EV 83.8 MPH)
Batting: LHB Dan Morris 0-0: Ball
1-0: Foul Ball, location: 2F
1-1: Ball
Wild Pitch!
Russ Shambaugh scores
Scott King to third
James Boynton to second
2-1: Foul Ball, location: 2F
2-2: Strikes out looking
Bottom of the 1st over - 1 run, 0 hits, 0 errors, 2 left on base; Salt Lake 0 - Scranton WB 1
TOP OF THE 2ND
Salt Lake Bees batting - Pitching for Scranton WB RailRiders : LHP Arturo Eli
Batting: RHB Justin Noll 0-0: Ball
1-0: Foul Ball, location: 2F
1-1: Ball
2-1: Ground out 4-3 (Groundball, 34D, EV 81.9 MPH)
Batting: LHB Vinny Carreno 0-0: Ball
1-0: Ball
2-0: SINGLE (Flyball, 56D, EV 86.2 MPH)
Batting: RHB Guillermo Mojica 0-0: Ball
1-0: Ball
2-0: Called Strike
2-1: Fly out, F7 (Line Drive, 7D, EV 105.6 MPH)
Batting: LHB Matt Calitri 0-0: Called Strike
0-1: Fielders Choice at 2nd, 6-4 (Groundball, 6, EV 103.1 MPH)
Top of the 2nd over - 0 runs, 1 hit, 0 errors, 1 left on base; Salt Lake 0 - Scranton WB 1
BOTTOM OF THE 2ND
Scranton WB RailRiders batting - Pitching for Salt Lake Bees : LHP Nigel Turner
Batting: RHB Jose Garza 0-0: Called Strike
0-1: Foul Ball, location: 2F
0-2: Ball
1-2: Ball
2-2: Foul Ball, location: 2F
2-2: Foul Ball, location: 2F
2-2: Strikes out swinging
Batting: LHB Kazuyoshi Nakamura 0-0: Ball
1-0: Fly out, F7 (Flyball, 7S, EV 88.8 MPH)
Batting: RHB Sharafat Khanum 0-0: Ball
1-0: Called Strike
1-1: Ball
2-1: Foul Ball, location: 2F
2-2: Ground out 4-3 (Groundball, 34, EV 105.6 MPH)
Bottom of the 2nd over - 0 runs, 0 hits, 0 errors, 0 left on base; Salt Lake 0 - Scranton WB 1
TOP OF THE 3RD
Salt Lake Bees batting - Pitching for Scranton WB RailRiders : LHP Arturo Eli
Batting: LHB Barrfhionn O'Toole 0-0: Swinging Strike
0-1: Ball
1-1: Foul Ball, location: 2F
1-2: Strikes out swinging
Batting: LHB Javier Trujillo 0-0: Ball
1-0: Ball
2-0: Called Strike
2-1: Ground out 1-3 (Groundball, 15S, EV 67.5 MPH)
Batting: RHB Randy Grewe 0-0: Ball
1-0: Foul Ball, location: 2F
1-1: Ball
2-1: Ball
3-1: SINGLE (Groundball, 34D, EV 103.8 MPH)
Batting: RHB Andres Mendiola 0-0: Ball
1-0: Foul Ball, location: 2F
1-1: Fielders Choice at 2nd, 6-4 (Groundball, 6, EV 91.9 MPH)
Top of the 3rd over - 0 runs, 1 hit, 0 errors, 1 left on base; Salt Lake 0 - Scranton WB 1
BOTTOM OF THE 3RD
Scranton WB RailRiders batting - Pitching for Salt Lake Bees : LHP Nigel Turner
Batting: RHB Russ Shambaugh 0-0: SINGLE (Line Drive, 4D, EV 106.2 MPH)
Batting: RHB Scott King 0-0: Swinging Strike
0-1: Called Strike
0-2: Ball
1-2: Ball
2-2: Ball
3-2: Base on Balls
Russ Shambaugh to second
Batting: LHB Jim Skare 0-0: Ball
1-0: Ball
2-0: Ball
3-0: Foul Ball, location: 2F
3-1: Called Strike
3-2: Fly out, F6 (Flyball, 6D, EV 86.9 MPH)
Batting: RHB James Boynton 0-0: Swinging Strike
0-1: Ball
1-1: Ball
2-1: Fielders Choice at 2nd, 4-6 (Groundball, 4S, EV 85.6 MPH)
Russ Shambaugh to third
Batting: RHB Alejandro Hernandez 0-0: Ball
1-0: Fly out, F9 (Flyball, 9S, EV 86.2 MPH)
Bottom of the 3rd over - 0 runs, 1 hit, 0 errors, 2 left on base; Salt Lake 0 - Scranton WB 1
TOP OF THE 4TH
Salt Lake Bees batting - Pitching for Scranton WB RailRiders : LHP Arturo Eli
Batting: RHB Melvin Gomez 0-0: Foul Ball, location: 2F
0-1: Ball
1-1: Ball
2-1: Ground out 4-3 (Groundball, 4, EV 101.9 MPH)
Batting: RHB Justin Noll 0-0: Ball
1-0: Ground out 5-3 (Groundball, 56, EV 103.1 MPH)
Batting: LHB Vinny Carreno 0-0: Called Strike
0-1: Ball
1-1: Ball
2-1: SOLO HOME RUN (Line Drive, 9D, EV 99.4 MPH), Distance : 377 ft
Batting: RHB Guillermo Mojica 0-0: Swinging Strike
0-1: Foul Ball, location: 2F
0-2: Ground out 5-3 (Groundball, 56, EV 78.8 MPH)
Top of the 4th over - 1 run, 1 hit, 0 errors, 0 left on base; Salt Lake 1 - Scranton WB 1
BOTTOM OF THE 4TH
Scranton WB RailRiders batting - Pitching for Salt Lake Bees : LHP Nigel Turner
Batting: LHB Dan Morris 0-0: Swinging Strike
0-1: Ball
1-1: Foul Ball, location: 2F
1-2: Fly out, F5 (Line Drive, 6, EV 65.6 MPH)
Batting: RHB Jose Garza 0-0: Called Strike
0-1: Ball
1-1: Ball
2-1: Ball
3-1: Ground out 5-3 (Groundball, 56, EV 105.6 MPH)
Pitching: RHP Jake Bruen
Batting: LHB Kazuyoshi Nakamura 0-0: Called Strike
0-1: Ball
1-1: Foul Ball, location: 2F
1-2: Ball
2-2: Ball
3-2: Ground out 3-1 (Groundball, 34D, EV 108.1 MPH)
Bottom of the 4th over - 0 runs, 0 hits, 0 errors, 0 left on base; Salt Lake 1 - Scranton WB 1
TOP OF THE 5TH
Salt Lake Bees batting - Pitching for Scranton WB RailRiders : LHP Arturo Eli
Batting: LHB Matt Calitri 0-0: Foul Ball, location: 2F
0-1: Foul Ball, location: 2F
0-2: Strikes out looking
Batting: LHB Barrfhionn O'Toole 0-0: Ground out U3 (Groundball, 34, EV 76.9 MPH)
Batting: LHB Javier Trujillo 0-0: Ball
1-0: Swinging Strike
1-1: SINGLE (Line Drive, 9S, EV 113.8 MPH)
Batting: RHB Randy Grewe 0-0: Called Strike
0-1: Ball
1-1: Foul Ball, location: 2F
1-2: Strikes out swinging
Top of the 5th over - 0 runs, 1 hit, 0 errors, 1 left on base; Salt Lake 1 - Scranton WB 1
BOTTOM OF THE 5TH
Scranton WB RailRiders batting - Pitching for Salt Lake Bees : RHP Jake Bruen
Batting: RHB Sharafat Khanum 0-0: Ball
1-0: Swinging Strike
1-1: Foul Ball, location: 2F
1-2: DOUBLE (Line Drive, 8RXD, EV 100.0 MPH)
Batting: RHB Russ Shambaugh 0-0: Ball
1-0: Called Strike
1-1: Foul Ball, location: 2F
1-2: Ball
2-2: Ball
3-2: Base on Balls
Batting: RHB Scott King 0-0: Called Strike
0-1: Ball
1-1: Ball
2-1: Swinging Strike
2-2: Fly out, F8 (Line Drive, 8LD, EV 106.2 MPH)
Batting: LHB Jim Skare 0-0: Called Strike
Sharafat Khanum steals 3rd base
0-1: Foul Ball, location: 2F
0-2: Grounds into double play, 3-6-1 (Groundball, 3, EV 104.4 MPH)
Bottom of the 5th over - 0 runs, 1 hit, 0 errors, 1 left on base; Salt Lake 1 - Scranton WB 1
TOP OF THE 6TH
Salt Lake Bees batting - Pitching for Scranton WB RailRiders : LHP Arturo Eli
Batting: RHB Andres Mendiola 0-0: Foul Ball, location: 2F
0-1: Swinging Strike
0-2: Foul Ball, location: 2F
0-2: Ball
1-2: Strikes out swinging
Batting: RHB Melvin Gomez 0-0: Ball
1-0: Ball
2-0: Ball
3-0: Base on Balls
Batting: RHB Justin Noll 0-0: Ball
1-0: Grounds into double play, 6-4-3 (Groundball, 6, EV 91.2 MPH)
Top of the 6th over - 0 runs, 0 hits, 0 errors, 0 left on base; Salt Lake 1 - Scranton WB 1
BOTTOM OF THE 6TH
Scranton WB RailRiders batting - Pitching for Salt Lake Bees : RHP Jake Bruen
Batting: RHB James Boynton 0-0: Ball
1-0: Ball
2-0: Ball
3-0: Base on Balls
Batting: RHB Alejandro Hernandez 0-0: Foul Ball, location: 2F
0-1: Foul Ball, location: 2F
0-2: Ball
1-2: Foul Ball, location: 2F
1-2: Ball
2-2: Foul Ball, location: 2F
2-2: Ball
3-2: Foul Ball, location: 2F
3-2: Strikes out swinging
James Boynton steals 2nd base
Batter strikes out.
Batting: LHB Dan Morris 0-0: Fly out, F4 (Popup, 34S, EV 75.6 MPH)
Batting: RHB Jose Garza 0-0: Ball
1-0: SINGLE (Groundball, 56D, EV 103.8 MPH)
James Boynton to third
Runner from 3rd tries for Home, SAFE, throw by LF to home
Batting: LHB Kazuyoshi Nakamura 0-0: Ball
Jose Garza steals 2nd, throwing error, E2
Jose Garza to third
1-0: Foul Ball, location: 2F
1-1: Called Strike
1-2: Strikes out swinging
Bottom of the 6th over - 1 run, 1 hit, 1 error, 1 left on base; Salt Lake 1 - Scranton WB 2
TOP OF THE 7TH
Salt Lake Bees batting - Pitching for Scranton WB RailRiders : LHP Arturo Eli
Batting: LHB Vinny Carreno 0-0: Foul Ball, location: 2F
0-1: Foul Ball, location: 2F
0-2: Strikes out swinging
Batting: RHB Guillermo Mojica 0-0: Fly out, F8 (Flyball, 8RD, EV 101.2 MPH)
Batting: LHB Matt Calitri 0-0: Called Strike
0-1: Swinging Strike
0-2: Foul Ball, location: 2F
0-2: Ball
1-2: Strikes out swinging
Top of the 7th over - 0 runs, 0 hits, 0 errors, 0 left on base; Salt Lake 1 - Scranton WB 2
BOTTOM OF THE 7TH
Scranton WB RailRiders batting - Pitching for Salt Lake Bees : RHP Jake Bruen
Pitching: RHP Owen Prouty
Batting: RHB Sharafat Khanum 0-0: Foul Ball, location: 2F
0-1: Ground out 2-3 (Groundball, 2R, EV 68.8 MPH)
Batting: RHB Russ Shambaugh 0-0: Ball
1-0: Called Strike
1-1: Ball
2-1: Foul Ball, location: 2F
2-2: Ball
3-2: Foul Ball, location: 2F
3-2: Foul Ball, location: 2F
3-2: SINGLE (Line Drive, 4D, EV 98.8 MPH)
Batting: RHB Scott King 0-0: Called Strike
Russ Shambaugh steals 2nd base (no throw)
0-1: Swinging Strike
0-2: Ball
1-2: Fly out, F7 (Line Drive, 78M, EV 85.6 MPH)
Batting: LHB Jim Skare 0-0: Ball
1-0: Swinging Strike
1-1: Ball
2-1: Called Strike
2-2: Ball
3-2: Base on Balls
Batting: RHB James Boynton 0-0: Called Strike
Russ Shambaugh steals 3rd, throwing error, E2
Russ Shambaugh scores
Jim Skare to third
0-1: Ground out 5-3 (Groundball, 56S, EV 87.5 MPH)
Bottom of the 7th over - 1 run, 1 hit, 1 error, 1 left on base; Salt Lake 1 - Scranton WB 3
TOP OF THE 8TH
Salt Lake Bees batting - Pitching for Scranton WB RailRiders : LHP Arturo Eli
Batting: LHB Barrfhionn O'Toole 0-0: Foul Ball, location: 2F
0-1: Swinging Strike
0-2: Reached via error on a dropped throw from 1B, E1 (Groundball, 34S, EV 91.2 MPH)
Batting: LHB Javier Trujillo 0-0: Ball
1-0: Foul Ball, location: 2F
1-1: Swinging Strike
1-2: Strikes out looking
Batting: RHB Randy Grewe 0-0: Ball
1-0: Fly out, F8 (Flyball, 78D, EV 91.9 MPH)
Pitching: RHP Soh Kawashima
Batting: RHB Andres Mendiola 0-0: Foul Ball, location: 2F
0-1: Ball
1-1: Ball
2-1: Swinging Strike
2-2: Ball
3-2: Strikes out swinging
Top of the 8th over - 0 runs, 0 hits, 1 error, 1 left on base; Salt Lake 1 - Scranton WB 3
BOTTOM OF THE 8TH
Scranton WB RailRiders batting - Pitching for Salt Lake Bees : RHP Owen Prouty
Pitching: RHP Alberto Pickett
Batting: RHB Alejandro Hernandez 0-0: Called Strike
0-1: Foul Ball, location: 2F
0-2: Strikes out swinging
Batting: LHB Dan Morris 0-0: Ball
1-0: Ball
2-0: Called Strike
2-1: Foul Ball, location: 2F
2-2: Ground out U3 (Groundball, 34S, EV 93.1 MPH)
Batting: RHB Jose Garza 0-0: Ball
1-0: Fly out, F4 (Popup, 34D, EV 59.4 MPH)
Bottom of the 8th over - 0 runs, 0 hits, 0 errors, 0 left on base; Salt Lake 1 - Scranton WB 3
TOP OF THE 9TH
Salt Lake Bees batting - Pitching for Scranton WB RailRiders : RHP Soh Kawashima
Pitching: RHP Jordan Arredondo
Batting: RHB Melvin Gomez 0-0: Called Strike
0-1: Ball
1-1: Ball
2-1: Foul Ball, location: 2F
2-2: Ball
3-2: DOUBLE (Line Drive, 7LS, EV 113.1 MPH)
Pinch Hitting: RHB Juan Rosa 0-0: Called Strike
0-1: Ball
1-1: Swinging Strike
1-2: Strikes out swinging
Batting: LHB Vinny Carreno 0-0: Ball
1-0: Foul Ball, location: 2F
1-1: Ball
2-1: Foul Ball, location: 2F
2-2: Strikes out looking
Batting: RHB Guillermo Mojica 0-0: Called Strike
0-1: Foul Ball, location: 2F
0-2: Ball
1-2: Strikes out swinging
Top of the 9th over - 0 runs, 1 hit, 0 errors, 1 left on base; Salt Lake 1 - Scranton WB 3
Wednesday, June 22nd , 2022 - OOTP Baseball 23.4 Build 64